 Dungeon Crawl Stone Soup version 0.27.0-1-g7a089689b8 (webtiles) character file.

Game seed: 18183503441349081648

191 sanka the Magician (level 6, -1/46 HPs)
             Began as a Djinni Wanderer on Aug 2, 2021.
             Slain by a centaur (2 damage)
             ... on level 3 of the Dungeon.
             The game lasted 00:06:33 (4046 turns).

sanka the Magician (Djinni Wanderer)                Turns: 4046, Time: 00:06:34

Health: -1/46      AC:  2    Str:  9    XL:     6   Next: 1%
Gold:   84         EV: 11    Int: 17    God:
                   SH:  0    Dex: 13

rFire    + + .     SeeInvis .   n - +0 war axe
rCold    x . .     Faith    .   (no shield)
rNeg     . . .     Spirit   .   d - +0 robe
rPois    ∞         Reflect  .   (no helmet)
rElec    .         Harm     .   (no cloak)
rCorr    .         Rampage  .   (no gloves)
Will     .....                  (boots unavailable)
Stlth    +.........             (no amulet)
HPRegen  0.15/turn              (no ring)
MPRegen  0.00/turn              (no ring)

@: flying
A: sickness immunity, fire resistance 2, cold vulnerability 1, float, innate
caster, hp casting, extra vitality 1
a: no special abilities


You were on level 3 of the Dungeon.
You visited 1 branch of the dungeon, and saw 3 of its levels.

You collected 84 gold pieces.


Innate Abilities, Weirdness & Mutations

You are immune to sickness and miasma.
You are immune to poison.
Your flesh is very heat resistant. (rF++)
You are vulnerable to cold. (rC-)
You float through the air rather than walking.
You learn spells naturally, not from books.
Your magical power is your life essence.
You have superior vitality. (+4 HP)


   Skills:
 - Level 3.0 Fighting
 - Level 1.0 Axes
 - Level 3.0 Armour
 - Level 2.0 Shields
 + Level 4.2 Spellcasting


You had 10 spell levels left.
You knew the following spells:

 Your Spells              Type           Power      Damage    Failure   Level
x - Searing Ray           Conj           36%        3d4       4%          2
z - Sting                 Tmut/Pois      72%        1d6       2%          1
Your spell library was empty.

Inventory:

Hand Weapons
 a - a +0 hand axe
 m - a +0 flail
 n - a +0 war axe (weapon)
Armour
 b - a +0 kite shield
 d - a +0 robe (worn)
Jewellery
 g - a ring of positive energy
Scrolls
 c - 2 scrolls of teleportation {@r4}
 e - 5 scrolls of identify {unknown}
 f - a scroll of brand weapon {unknown}
 j - 2 scrolls of acquirement {unknown}
 k - 2 scrolls of fear {unknown}
Potions
 h - a potion of attraction {unknown}
 i - 2 potions of cancellation {unknown}
 l - a potion of resistance {unknown}
 o - a potion of magic {unknown}
 p - a potion of brilliance {unknown}

Dungeon Overview and Level Annotations

Branches:
Dungeon (3/15)

Altars:

Shops:
D:2

* ..▒▒▒▒▒▒▒ ............(...▒▒▒
....c......▒ ▒.R.▒ ...........▒
▒▒▒c▒ ........... ▒..▒
▒▒▒▒▒▒▒▒▒ ..........▒ ▒▒.▒▒
▒...<...▒ ..........▒▒▒▒▒..▒
▒.......▒ ..........▒▒..c.▒▒
▒▒.......▒
?..........c.▒▒▒▒▒▒▒▒▒.....>..▒
............▒..............▒▒▒▒
..............▒▒▒▒▒▒.▒▒▒▒▒▒▒


You could see a centaur.


Message History

The centaur barely misses you. The centaur barely misses you.
The searing ray hits the centaur.
The centaur is lightly wounded.
* * * LOW HITPOINT WARNING * * *
The centaur hits you.
* * * LOW HITPOINT WARNING * * *
The centaur kicks you.
* * * LOW HITPOINT WARNING * * *
The centaur hits you.
* * * LOW HITPOINT WARNING * * *
The centaur misses you.
The searing ray hits the centaur!
The centaur is heavily wounded.
* * * LOW HITPOINT WARNING * * *
The centaur closely misses you. The centaur kicks you.
* * * LOW HITPOINT WARNING * * *
The searing ray hits the centaur.
The centaur is almost dead.
* * * LOW HITPOINT WARNING * * *
You finish channeling your searing ray.
The centaur hits you.
* * * LOW HITPOINT WARNING * * *
The centaur kicks you.
* * * LOW HITPOINT WARNING * * *
The centaur hits you.
* * * LOW HITPOINT WARNING * * *
The centaur kicks you.
You die...

Action                   |  1- 3 |  4- 6 || total
-------------------------+-------+-------++-------
Melee: Hand axe          |   122 |    16 ||   138
       Flail             |       |     1 ||     1
       War axe           |       |     1 ||     1
 Cast: Sting             |    14 |    14 ||    28
       Searing Ray       |       |     4 ||     4
 Stab: Sleeping          |     2 |       ||     2
Armor: Robe              |    45 |     3 ||    48
Dodge: Dodged            |    43 |    18 ||    61
Block: Kite shield       |    55 |     6 ||    61

Levels and vault maps discovered:
D:1:      dpeg_arrival_pond, layout_loops_ring,
          hellmonk_ecumenical_altar_run_dry, grunt_decor_one_mirror
D:2:      layout_basic, serial_shops, nicolae_diamond_shop
D:3:      layout_rooms, lemuel_tele_altar, wad_floor_pattern_1

Notes
Turn   | Place    | Note
-------+----------+-------------------------------------------
     0 | D:1      | sanka the Djinni Wanderer began the quest for the Orb.
     0 | D:1      | Reached XP level 1. HP: 17/17 MP: 0/0
   388 | D:1      | Found a faded altar of an unknown god.
   470 | D:1      | Reached skill level 2 in Fighting
   470 | D:1      | Reached XP level 2. HP: 20/23 MP: 0/0
  1000 | D:2      | Found Bulliy's General Store.
  1057 | D:2      | Reached XP level 3. HP: 13/29 MP: 0/0
  1057 | D:2      | Learned a level 1 spell: Sting
  2128 | D:2      | Reached skill level 3 in Fighting
  2872 | D:2      | Reached XP level 4. HP: 21/35 MP: 0/0
  3374 | D:3      | Noticed a scorpion
  3386 | D:3      | Killed a scorpion
  3387 | D:3      | Reached skill level 3 in Spellcasting
  3387 | D:3      | Reached XP level 5. HP: 31/40 MP: 0/0
  3387 | D:3      | Learned a level 2 spell: Searing Ray
  3784 | D:3      | Reached skill level 4 in Spellcasting
  3874 | D:3      | Reached XP level 6. HP: 32/46 MP: 0/0
  4046 | D:3      | HP: 1/46 [centaur (5)]
  4046 | D:3      | Slain by a centaur

Vanquished Creatures
  A scorpion (D:3)
  An iguana (D:3)
  An orc wizard (D:3)
  3 adders
  2 dart slugs
  2 worms (D:2)
  3 orcs
  An endoplasm (D:2)
  2 giant cockroaches
  6 goblins
  A hobgoblin (D:2)
  4 jackals (D:2)
  4 kobolds
  3 ball pythons
  6 bats
40 creatures vanquished.
